 Dungeon Crawl Stone Soup version 0.27-a0-1299-g1ab19c6527 (webtiles) character file.

Game seed: 8098056356550493939

22803 senseless the Prestidigitator (level 12, 0/62 HPs)
             Began as a Spriggan Artificer on June 15, 2021.
             Was an Elder of Dithmenos.
             Slain by a minotaur (14 damage)
             ... in a Gauntlet on June 16, 2021.
             The game lasted 01:09:47 (20770 turns).

senseless the Prestidigitator (Spriggan Artificer) Turns: 20770, Time: 01:09:49

Health: 0/62       AC: 21    Str:  6    XL:     12   Next: 66%
Magic:  24/24      EV: 24    Int: 15    God:    Dithmenos [****..]
Gold:   487        SH:  5    Dex: 23    Spells: 26/26 levels left

rFire    + . .     SeeInvis +   r - +9 spear (venom)
rCold    . . .     Faith    .   (shield restricted)
rNeg     . . .     Spirit   .   K - +4 acid dragon scales
rPois    +         Reflect  +   c - +2 hat of Resourcefulness {rElec Will+ Str-3}
rElec    +         Harm     .   Y - +2 cloak of Panentheism {SInv}
rCorr    +         Rampage  .   (gloves unavailable)
Will     +++..     NoTele   +   (boots unavailable)
Stlth    ++++++++..             v - amulet of reflection
HPRegen  0.20/turn              y - +6 ring of dexterity
MPRegen  0.19/turn              H - +4 ring of protection

@: wreathed by umbra, very quick
A: very small, no large weapons, unfitting armour, see invisible, speed 3, beak,
iridescent scales 1, fire resistance 1, poison resistance
a: Renounce Religion, Shadow Step


You were in a Gauntlet.
You worshipped Dithmenos.
Dithmenos was greatly pleased with you.
You visited 2 branches of the dungeon, and saw 14 of its levels.
You also visited: Gauntlet.

You collected 801 gold pieces.
You spent 314 gold pieces at shops.

Inventory:

Hand Weapons
 r - a +9 spear of venom (weapon)
Missiles
 k - 75 poisoned darts
 V - 2 curare-tipped darts
Armour
 c - the +2 hat of Resourcefulness (worn) {rElec Will+ Str-3}
   (You found it in a Gauntlet)

   It affects your strength (-3).
   It insulates you from electricity.
   It increases your willpower.
 w - a scarf of shadows
 K - +4 acid dragon scales (worn)
 Y - the +2 cloak of Panentheism (worn) {SInv}
   (You found it in a Gauntlet)

   It lets you see invisible.
Magical Staves
 j - a staff of air
 A - a staff of conjuration
Jewellery
 a - a ring of protection from fire
 f - a +6 ring of strength
 q - an amulet of magic regeneration
 v - an amulet of reflection (around neck)
 y - a +6 ring of dexterity (left hand)
 H - a +4 ring of protection (right hand)
 M - an amulet of faith
 T - a ring of willpower
Wands
 d - a wand of charming (4)
 n - a wand of polymorph (10)
 C - a wand of paralysis (3)
 G - a wand of acid (2) (quivered)
 P - a wand of mindburst (10)
 Q - a wand of iceblast (13)
Scrolls
 b - a scroll of acquirement
 g - 4 scrolls of teleportation
 h - a scroll of amnesia
 i - 2 scrolls of identify
 F - a scroll of brand weapon
 J - 5 scrolls of fog
 R - 2 scrolls of magic mapping
Potions
 m - 2 potions of flight
 o - 3 potions of curing
 p - 2 potions of magic
 s - 2 potions of heal wounds
 t - 2 potions of lignification
 x - 2 potions of brilliance
 z - 4 potions of attraction
 D - 3 potions of invisibility
 L - 2 potions of haste
 N - 2 potions of might
 S - a potion of cancellation
 X - a potion of mutation
Miscellaneous
 e - a piece from Xom's chessboard (15/15)
 O - a phantom mirror
 U - a tin of tremorstones (2/2)
 Z - a piece from Xom's chessboard (15/15)


   Skills:
 + Level 6.8 Fighting
 - Level 1.0 Short Blades
 + Level 5.3 Polearms
 + Level 11.1 Dodging
 + Level 12.5 Stealth
 + Level 7.9 Spellcasting
 + Level 3.8 Hexes
 + Level 4.7 Translocations
 + Level 4.3 Transmutations
 * Level 14.7 Evocations


You had 26 spell levels left.
You didn't know any spells.
Your spell library contained the following spells:

 Spells                   Type           Power      Damage    Failure   Level
 Apportation              Tloc           40%        N/A       3%          1
 Corona                   Hex            18%        N/A       4%          1
 Blink                    Tloc           N/A        N/A       5%          2
 Sting                    Tmut/Pois      48%        1d5       10%         1
 Animate Skeleton         Necr           10%        N/A       26%         1
 Magic Dart               Conj           20%        1d4       26%         1
 Pain                     Necr           20%        1d5       26%         1
 Sandblast                Erth           10%        2d5       26%         1
 Summon Small Mammal      Summ           20%        N/A       26%         1
 Dazzling Flash           Conj/Hex       22%        N/A       32%         3
 Summon Guardian Golem    Hex/Summ       11%        N/A       32%         3
 Passage of Golubria      Tloc           N/A        N/A       34%         4
 Call Imp                 Summ           5%         N/A       36%         2
 Poisonous Vapours        Pois/Air       10%        N/A       36%         2
 Searing Ray              Conj           10%        3d3       36%         2
 Ignite Poison            Fire/Tmut/Pois 10%        N/A       38%         3
 Call Canine Familiar     Summ           5%         N/A       58%         3
 Mephitic Cloud           Conj/Pois/Air  5%         N/A       58%         3
 Stone Arrow              Conj/Erth      10%        3d7       58%         3
 Vampiric Draining        Necr           2%         2d6       58%         3
 Iskenderun's Mystic Bla  Conj/Tloc      13%        2d5       67%         4
 Fulminant Prism          Conj/Hex       5%         3d7       73%         4
 Animate Dead             Necr           2%         N/A       94%         4
 Olgreb's Toxic Radiance  Pois           5%         N/A       94%         4
 Summon Ice Beast         Ice/Summ       5%         N/A       94%         4
 Summon Lightning Spire   Summ/Air       5%         N/A       94%         4
 Agony                    Necr           5%         N/A       100%        5


Dungeon Overview and Level Annotations

Branches:
Dungeon (12/15)            Temple (0/1) D:7            Lair (2/6) D:11
    Orc (0/2) D:11        Gauntlet (1/1)
  Swamp: Lair:2-4    Shoals: Lair:2-4     Snake: Lair:2-4    Spider: Lair:2-4

Altars:
Ashenzari
Cheibriados
Dithmenos
Kikubaaqudgha
Nemelex Xobeh
Sif Muna
Uskayaw
Wu Jian
The Shining One

Shops:
D:6 [   D:7 :   D:9 ?

Annotations:
D:12 Jorgrun Gauntlet 8 transporters, 2 runed translucent doors


Innate Abilities, Weirdness & Mutations

You are very small and have problems with some larger weapons.
You are too small for most types of armour.
You have supernaturally acute eyesight. (SInv)
You cover ground extremely quickly. (Speed+++)
You have a beak for a mouth.
You are partially covered in iridescent scales. (AC +2)
Your flesh is heat resistant. (rF+)
Your system is resistant to poisons. (rPois)


Message History

The mass of ice explodes!
The iceblast engulfs the minotaur!!
The minotaur is heavily wounded.
The minotaur blocks your attack.
The minotaur is heavily wounded.
The minotaur misses you.
The minotaur gores you but does no damage.
You completely miss the minotaur. The minotaur blocks your attack.
The minotaur is heavily wounded.
The minotaur hits you with the +11 war axe "Ableakirch" {pain, rPois Str+4 Stlth-}.
The minotaur completely misses you.
You hit the minotaur but do no damage.
The minotaur is heavily wounded.
The minotaur hits you with the +11 war axe "Ableakirch" {pain, rPois Str+4 Stlth-}.
The minotaur completely misses you. The minotaur blocks your attack.
The minotaur is heavily wounded.
The minotaur hits you with the +11 war axe "Ableakirch" {pain, rPois Str+4 Stlth-}!
* * * LOW HITPOINT WARNING * * *
You writhe in agony.
* * * LOW HITPOINT WARNING * * *
The minotaur gores you but does no damage.
You feel much better.
The minotaur is no longer covered in acid.
The minotaur throws a silver javelin.
The silver javelin completely misses you.
You reach to attack!
You hit the minotaur.
The minotaur is poisoned.
The minotaur is heavily wounded.
The bolt of acid hits the minotaur!
The minotaur is splashed with acid.
The acid corrodes the minotaur!
The minotaur is severely wounded.
The minotaur throws a silver javelin.
The silver javelin misses you.
You reach to attack!
You hit the minotaur but do no damage.
The minotaur looks as sick as possible!
The minotaur is severely wounded.
The minotaur blocks your attack.
The minotaur is severely wounded.
The minotaur hits you with the +11 war axe "Ableakirch" {pain, rPois Str+4 Stlth-}!!
* * * LOW HITPOINT WARNING * * *
The minotaur gores you!
You die...

.............................##
..........8.∩.8..............≈#
#§#≈#≈#############≈#≈#≈#≈#≈###
########.........############
#...©.©.©...## #.............#
#.#.#######.#.# .. #§§§.#.#
.#.##§#§##@#.# .....§§§§H...#
.#..##§##§.#.# #8. #..#.# #..
#....# #8. #.8### #[. #### #8.
#=.


You could see a minotaur (extremely poisoned, corroded).

Vanquished Creatures
  Harold (D:10)
  3 hydras
  A death knight (D:11)
  4 two-headed ogres
  3 death yaks
  Sonja (Lair:1)
  A cyclops (D:12)
  2 ugly things
  A moth of wrath (Gauntlet)
  2 black mambas (D:11)
  A gargoyle (D:12)
  6 cane toads
  A komodo dragon (D:12)
  3 trolls
  A hornet (D:8)
  5 blink frogs (Lair:2)
  A shadow (D:10)
  2 redbacks (Gauntlet)
  3 wyverns
  13 yaks
  A steam dragon (D:8)
  3 vampire mosquitoes (D:9)
  Menkaure (D:4)
  3 swamp worms (Gauntlet)
  An acid dragon (D:10)
  3 water moccasins
  A swamp drake (D:11)
  An ice beast (D:6)
  2 black bears
  4 orc warriors
  4 centaurs
  3 ogres
  8 wolves
  A kobold brigand (D:10)
  5 bullfrogs
  3 scorpions
  An electric eel (D:9)
  2 howler monkeys
  4 centaur zombies
  3 orc priests
  A bullfrog skeleton (D:5)
  A gnoll shaman (D:7)
  A hound (D:6)
  6 orc wizards
  3 iguanas (D:6)
  A killer bee zombie (D:5)
  A hound zombie (D:5)
  12 gnolls
  7 adders
  2 shadow imps
  2 worms (D:2)
  A dart slug (D:1)
  32 orcs
  9 endoplasms
  5 giant cockroaches
  5 goblins
  5 hobgoblins
  7 jackals
  4 quokkas
  9 ball pythons
  6 bats
  A frilled lizard (D:2)
  10 kobolds
  4 rats
244 creatures vanquished.

Vanquished Creatures (collateral kills)
  A death yak (D:11)
  A vampire mosquito (D:9)
  2 yaks (D:9)
  An ogre (D:6)
  A gnoll (D:7)
  A hobgoblin (D:1)
  A kobold (D:10)
8 creatures vanquished.

Vanquished Creatures (others)
  2 yaks (D:9)
  4 demonic plants (Gauntlet)
  3 fungi
  3 plants (Lair:2)
12 creatures vanquished.

Grand Total: 264 creatures vanquished

Notes
Turn   | Place    | Note
-------+----------+-------------------------------------------
     0 | D:1      | senseless the Spriggan Artificer began the quest for the
                  | Orb.
     0 | D:1      | Reached XP level 1. HP: 9/9 MP: 2/2
   459 | D:1      | Reached XP level 2. HP: 11/14 MP: 3/3
   878 | D:1      | Found a faded altar of an unknown god.
   886 | D:1      | Became a worshipper of Dithmenos the Shadowed
   886 | D:1      | Reached * piety under Dithmenos
  1570 | D:1      | Reached skill level 1 in Fighting
  1570 | D:1      | Reached skill level 5 in Evocations
  2062 | D:2      | Reached XP level 3. HP: 18/18 MP: 4/4
  2217 | D:2      | Reached skill level 1 in Short Blades
  2537 | D:2      | You fall into a shaft and drop 2 floors!
  3519 | D:3      | Noticed a black bear
  3542 | D:2      | Killed a black bear
  3543 | D:2      | Reached XP level 4. HP: 7/23 MP: 5/5
  3543 | D:2      | Reached XP level 5. HP: 8/26 MP: 6/6
  3960 | D:3      | Found a sparkling altar of Nemelex Xobeh.
  4019 | D:3      | Reached skill level 6 in Evocations
  4922 | D:4      | Reached ** piety under Dithmenos
  4937 | D:4      | Noticed an ogre
  4950 | D:4      | Killed an ogre
  4951 | D:4      | Reached XP level 6. HP: 30/30 MP: 7/7
  5276 | D:4      | Reached skill level 5 in Dodging
  5703 | D:4      | Reached skill level 7 in Evocations
  5762 | D:4      | Noticed Menkaure
  5775 | D:4      | Killed Menkaure
  5776 | D:4      | Reached skill level 5 in Stealth
  5776 | D:4      | Reached XP level 7. HP: 11/35 MP: 8/8
  6288 | D:4      | Gained mutation: You have a beak for a mouth. [potion of
                  | mutation]
  6288 | D:4      | Gained mutation: Your system is resistant to poisons.
                  | (rPois) [potion of mutation]
  6288 | D:4      | Gained mutation: Your flesh is heat resistant. (rF+)
                  | [potion of mutation]
  6288 | D:4      | Gained mutation: You are partially covered in iridescent
                  | scales. (AC +2) [potion of mutation]
  6335 | D:5      | Entered Level 5 of the Dungeon
  6639 | D:5      | Found a broken altar of Ashenzari.
  6706 | D:5      | Reached skill level 8 in Evocations
  7405 | D:5      | Found an ornate altar of the Wu Jian Council.
  7685 | D:5      | Reached *** piety under Dithmenos
  8168 | D:6      | Found a shimmering blue altar of Sif Muna.
  8277 | D:6      | Reached XP level 8. HP: 40/40 MP: 9/9
  8342 | D:6      | Reached skill level 9 in Evocations
  8358 | D:6      | Reached skill level 1 in Polearms
  8470 | D:6      | Found Ciar's Armour Emporium.
  8499 | D:6      | Found a snail-covered altar of Cheibriados.
  9190 | D:7      | Found a staircase to the Ecumenical Temple.
  9401 | D:7      | Found Ydabet's Book Emporium.
  9844 | D:8      | Reached skill level 10 in Evocations
  9944 | D:8      | Reached skill level 1 in Spellcasting
  9945 | D:8      | Found a hide-covered altar of Uskayaw.
  9957 | D:8      | Noticed a hornet
  9967 | D:8      | Killed a hornet
  9968 | D:8      | Reached XP level 9. HP: 45/45 MP: 10/12
 10670 | D:9      | Found Disar's Magic Scroll Emporium.
 10898 | D:9      | Noticed a two-headed ogre
 10901 | D:9      | Noticed a two-headed ogre
 10926 | D:9      | Killed a two-headed ogre
 11100 | D:9      | Reached skill level 11 in Evocations
 11438 | D:9      | Reached XP level 10. HP: 51/51 MP: 16/16
 11695 | D:9      | Reached skill level 5 in Fighting
 12388 | D:9      | Found an ancient bone altar of Kikubaaqudgha.
 12429 | D:9      | Bought a scroll of enchant armour for 112 gold pieces
 12429 | D:9      | Bought a scroll of identify for 30 gold pieces
 12429 | D:9      | Bought a scroll of enchant weapon for 112 gold pieces
 12429 | D:9      | Bought a scroll of identify for 30 gold pieces
 12429 | D:9      | Bought a scroll of identify for 30 gold pieces
 12480 | D:9      | Killed a two-headed ogre
 12481 | D:9      | Reached skill level 12 in Evocations
 12735 | D:10     | Entered Level 10 of the Dungeon
 12747 | D:9      | Reached skill level 10 in Stealth
 13016 | D:10     | Noticed Harold
 13068 | D:10     | Killed Harold
 13069 | D:10     | Reached skill level 5 in Spellcasting
 14081 | D:10     | Found a glowing golden altar of the Shining One.
 14339 | D:10     | Reached XP level 11. HP: 47/56 MP: 20/20
 14462 | D:11     | Noticed a death knight
 14769 | D:11     | Reached **** piety under Dithmenos
 14773 | D:11     | Upgraded the game from 0.27-a0-1291-geefcff550b to
                  | 0.27-a0-1299-g1ab19c6527
 14817 | D:11     | Killed a death knight
 14818 | D:11     | Reached skill level 13 in Evocations
 14836 | D:11     | Noticed a death yak
 14839 | D:11     | Noticed a death yak
 14878 | D:10     | Killed a death yak
 15048 | D:11     | Noticed a two-headed ogre
 15086 | D:11     | Killed a two-headed ogre
 15087 | D:11     | Noticed a death yak
 15087 | D:11     | Noticed a death yak
 15124 | D:10     | Killed a death yak
 15125 | D:10     | Reached skill level 10 in Dodging
 15284 | D:11     | Found a staircase to the Orcish Mines.
 15478 | D:11     | Killed a death yak
 15517 | D:11     | Killed a death yak
 15892 | D:11     | Found a staircase to the Lair.
 16024 | D:12     | Noticed a two-headed ogre
 16052 | D:11     | Killed a two-headed ogre
 16053 | D:11     | Reached skill level 1 in Hexes
 16053 | D:11     | Reached skill level 1 in Translocations
 16053 | D:11     | Reached skill level 1 in Transmutations
 16391 | D:12     | Noticed an eight-headed hydra
 16403 | D:12     | Killed an eight-headed hydra
 16609 | D:12     | Noticed an eight-headed hydra
 16611 | D:12     | Noticed a white ugly thing
 16627 | D:12     | Noticed a purple ugly thing
 16661 | D:11     | Killed an eight-headed hydra
 16662 | D:11     | Reached skill level 14 in Evocations
 16710 | D:12     | Noticed Jorgrun
 17604 | D:12     | Killed a purple ugly thing
 17605 | D:12     | Reached XP level 12. HP: 60/62 MP: 23/23
 17948 | Lair:1   | Entered Level 1 of the Lair of Beasts
 18040 | Lair:1   | Noticed Sonja
 18254 | Lair:1   | Killed Sonja
 18274 | D:11     | Reached skill level 5 in Polearms
 19499 | Lair:1   | Identified the +0 pair of gloves of Autotheism {Regen+}
 19908 | Lair:2   | Identified a scroll of acquirement
 19909 | Lair:2   | Acquired the Disquisition on the Twisted Mountains
 19976 | Lair:2   | Noticed an eight-headed hydra
 19990 | Lair:2   | Killed an eight-headed hydra
 20062 | Lair:2   | Found a gate leading to a gauntlet.
 20070 | Gauntlet | Entered a Gauntlet
 20070 | Gauntlet | Found a transporter.
 20077 | Gauntlet | Found a transporter.
 20090 | Gauntlet | Found a transporter.
 20110 | Gauntlet | Found a transporter.
 20122 | Gauntlet | Found a transporter.
 20138 | Gauntlet | Found a transporter.
 20143 | Gauntlet | Found a transporter.
 20153 | Gauntlet | Found a runed translucent door.
 20155 | Gauntlet | Found a transporter.
 20157 | Gauntlet | Found a runed translucent door.
 20157 | Gauntlet | Noticed a reaper
 20169 | Gauntlet | Found a transporter.
 20184 | Gauntlet | Noticed a green death
 20191 | Gauntlet | Found a transporter.
 20191 | Gauntlet | Found a transporter.
 20204 | Gauntlet | Found a transporter.
 20233 | Gauntlet | Found a transporter.
 20405 | Gauntlet | Found a transporter.
 20412 | Gauntlet | Identified the +2 cloak of Panentheism {SInv}
 20703 | Gauntlet | Identified the +2 hat of Resourcefulness {rElec Will+
                  | Str-3}
 20752 | Gauntlet | Identified the +11 war axe "Ableakirch" {pain, rPois Str+4
                  | Stlth-}
 20752 | Gauntlet | Noticed a minotaur
 20770 | Gauntlet | Slain by a minotaur

Illustrated notes

Levels and vault maps discovered:
D:1:      nicolae_arrival_somewhat_less_tricky_arrival, layout_basic,
          shapermc_ecumenical_altar_totnotflames, kennysheep_crisscross
D:2:      layout_basic, minmay_hedge_maze, nrook_loot_triangle, hex_large
D:3:      layout_basic, lemuel_tele_altar
D:4:      layout_loops_ring, kennysheep_doodads, uniq_menkaure
D:5:      layout_basic, ashenzari_conservatory_becter, kennysheep_mini,
          chequers_serial_rivers_large_b
D:6:      layout_basic, nicolae_overflow_crystal_walls,
          overflow_temple_1_default, serial_shops, shop, st_stairs_7
D:7:      layout_cave_pools, minmay_temple_entry_waves, serial_shops,
          nicolae_shop_stone
D:8:      layout_cave_pods, nicolae_uskayaw_murder_on_the_dancefloor
D:9:      statuecave_lemuel, layout_basic, general_overflow_altar, serial_shops,
          nicolae_shop_waterfront
D:10:     layout_stronghold, tso_metal_star, uniq_harold
D:11:     layout_cave_pools, dpeg_lair_monsters, erik_orc_1
D:12:     layout_loops_cross, uniq_jorgrun
Lair:1:   layout_big_grid, serial_bayou_pond_e, uniq_sonja
Lair:2:   layout_loops_ring, gauntlet_entry_generic,
          chequers_serial_rivers_small_3, infiniplex_staircase_pool
Gauntlet: gammafunk_gauntlet_mixed_choke_point
          [minmay_gauntlet_arena_77_double_cross,
          minmay_gauntlet_arena_77_radiant_squares,
          minmay_gauntlet_arena_77_checkered, gammafunk_gauntlet_arena_grid,
          minmay_gauntlet_arena_77_shame_cube, minmay_gauntlet_arena_77_museum,
          minmay_gauntlet_arena_77_fan, nicolae_gauntlet_exit_dead_adventurers]

Skill      XL: |  1  2  3  4  5  6  7  8  9 10 11 12 |
---------------+-------------------------------------+-----
Stealth        | 2 3 4 5 6 7 9 10 11 12 | 12.5
Fighting       | 1 2 3 4 5 6 |  6.8
Evocations     | 5 6 7 8 10 11 12 14 | 14.7
Short Blades   | 1 |  1.0
Dodging        | 4 5 6 7 8 9 10 11 | 11.1
Polearms       | 2 3 4 5 |  5.3
Spellcasting   | 1 3 5 7 |  7.9
Hexes          | 2 3 |  3.8
Translocations | 2 4 |  4.7
Transmutations | 2 4 |  4.3

Action                   |  1- 3 |  4- 6 |  7- 9 | 10-12 || total
-------------------------+-------+-------+-------+-------++-------
Melee: Short sword       |   124 |       |       |       ||   124
       Club              |    12 |       |       |       ||    12
       Spear             |    34 |   103 |   293 |   663 ||  1093
       Peck              |       |       |    56 |   108 ||   164
Throw: Dart              |       |       |       |     1 ||     1
Evoke: Wand              |    11 |     4 |     3 |    65 ||    83
       Phantom mirror    |       |       |       |     1 ||     1
       Piece from Xom's  |       |       |       |     1 ||     1
  Use: Scroll            |       |       |    15 |    18 ||    33
       Potion            |       |       |     6 |     3 ||     9
 Stab: Sleeping          |     9 |     7 |    20 |    13 ||    49
       Betrayed ally     |       |       |     1 |     1 ||     2
       Distracted        |       |       |     1 |     3 ||     4
Armor: Robe              |    31 |     4 |    12 |     8 ||    55
       Acid dragon scale |       |       |       |    56 ||    56
Dodge: Dodged            |   121 |    57 |   222 |   474 ||   874
Block: Other             |       |       |    11 |   101 ||   112
       Reflection        |       |       |       |     2 ||     2

Table legend: (Time is in decaauts)
 A = Elapsed time spent in this place.
 B = Non-inter-level travel time spent in this place.
 C = Inter-level travel time spent in this place.
 D = Time resting spent in this place.
 E = Time spent auto-exploring this place.
 F = Levels seen in this place.
 G = Mean time per level.
                   A        B        C        D        E       F      G
               +--------+--------+--------+--------+--------+-----+--------+
         Total |  16343 |  15948 |    395 |   3943 |   9289 |  15 | 1089.5 |
       Dungeon |  14665 |  14297 |    368 |   3615 |   8336 |  12 | 1222.1 |
          Lair |   1087 |   1060 |     27 |    199 |    619 |   2 |  543.5 |
      Gauntlet |    591 |    591 |      0 |    128 |    333 |   1 |  591.0 |
               +--------+--------+--------+--------+--------+-----+--------+

Top non-repeatable levels by time:
    D:11: 2286 daAuts
     D:9: 1713 daAuts
     D:1: 1629 daAuts
    D:10: 1601 daAuts
     D:4: 1498 daAuts
     D:2: 1239 daAuts
     D:5: 1109 daAuts
     D:3: 926 daAuts
    D:12: 779 daAuts
     D:8: 739 daAuts
  Lair:1: 692 daAuts
     D:6: 653 daAuts
Gauntlet: 591 daAuts
     D:7: 488 daAuts
  Lair:2: 394 daAuts
